Map: Jagannatha LE

Players

Elazer - Winner!

  • Race: Zerg Zerg

Denver

  • Race: Zerg Zerg

Event: DreamHack SC2 Masters 2021 Fall

VOD

Have the link to the VOD?

Description

Time

  • Played on: Aug. 1, 2021, 10:53 a.m.
  • Length: 11:01

All games in this series

Show
View Real Time Build Order
Export as new Build Order

Elazer Zerg - Winner!

Build Orders: Hatch First, Zergling Baneling 

Get SALT Encoding   

  12  0:00  Drone  
  13  0:13  Overlord  
  13  0:17  Drone  
  14  0:31  Drone x2  
  16  0:48  Hatchery  
  15  0:51  Drone  
  15  0:55  Drone  
  17  0:58  Drone  
  18  1:06  Extractor  
  17  1:13  Spawning Pool  
  17  1:17  Drone  
  17  1:20  Drone  
  18  1:29  Drone  
  19  1:39  Drone  
  20  1:50  Drone  
  21  1:59  Queen  
  21  2:00  Queen, Zergling x2  
  21  2:01  Overlord  
  26  2:06  Metabolic Boost  
  26  2:11  Drone  
  26  2:13  Drone  
  28  2:22  Drone x2  
  30  2:33  Hatchery  
  30  2:36  Drone  
  30  2:38  Drone  
  31  2:44  Overlord  
  31  2:45  Drone  
  32  2:59  Zergling x4  
  32  3:05  Zergling x4  
  36  3:07  Zergling x12  
  42  3:18  Overlord  
  42  3:19  Zergling x2  
  43  3:28  Queen, Baneling Nest  
  44  3:40  Zergling x16  
  47  3:49  Zergling x6  
  42  3:58  Overlord  
  42  4:00  Zergling x4  
  43  4:08  Zergling x6  
  45  4:12  Baneling x2  
  45  4:13  Zergling x8  
  48  4:19  Baneling x2  
  48  4:21  Drone x2  
  50  4:26  Drone x2  
  50  4:30  Baneling  
  48  4:40  Overlord  
  48  4:43  Drone x5  
  52  4:47  Baneling x2  
  51  4:54  Queen, Baneling  
  53  5:01  Zergling x8  
  56  5:12  Overlord  
  56  5:13  Queen  
  55  5:18  Zergling x6  
  55  5:22  Baneling x3  
  49  5:32  Drone x4  
  53  5:39  Drone  
  53  5:41  Drone x2  
  56  5:49  Overlord  
  56  5:52  Queen  
  56  5:53  Queen  
  56  5:55  Drone x2  
  56  5:56  Drone  
  63  6:02  Overlord  
  62  6:06  Drone x4  
  62  6:07  Drone  
  62  6:09  Drone  
  67  6:14  Drone x3  
  72  6:18  Drone x2  
  72  6:20  Drone  
  72  6:24  Extractor  
  72  6:25  Extractor, Roach Warren  
  70  6:27  Overlord  
  70  6:28  Drone  
  71  6:36  Drone  
  72  6:40  Overlord  
  72  6:41  Drone x7  
  74  6:47  Overlord  
  74  6:50  Baneling x2  
  74  6:52  Drone x2  
  75  6:58  Overlord  
  75  6:59  Overlord  
  77  7:06  Overlord  
  77  7:07  Roach x2  
  80  7:09  Roach  
  80  7:10  Roach  
  80  7:15  Roach x5  
  92  7:20  Roach  
  92  7:22  Lair  
  94  7:25  Roach  
  96  7:31  Hatchery  
  96  7:32  Overlord  
  96  7:35  Roach x4  
  103  7:37  Overlord  
  103  7:40  Extractor, Drone  
  103  7:41  Extractor  
  102  7:47  Drone x5  
  107  7:53  Drone x6  
  107  7:58  Extractor  
  112  7:59  Evolution Chamber  
  112  8:01  Drone x3  
  114  8:07  Overlord  
  114  8:12  Roach x2  
  116  8:22  Overseer  
  116  8:24  Roach x5  
  138  8:27  Roach x6  
  138  8:33  Roach x2  
  142  8:37  Ravager  
  142  8:39  Roach x2  
  147  8:45  Roach  
  147  8:46  Roach x2  
  150  8:53  Roach x5  
  148  8:55  Roach  
  148  8:56  Roach x2  
  148  8:57  Glial Reconstitution  
  152  9:07  Zerg Missile Weapons Level 1  
  152  9:11  Roach x7  
  164  9:21  Roach x2  
  164  9:23  Overlord  
  167  9:27  Overlord  
  167  9:28  Drone  
  168  9:40  Pneumatized Carapace  
  168  9:42  Roach x4  
  168  9:43  Overlord  
  176  9:46  Roach x4, Hydralisk Den  
  176  9:47  Drone  
  184  9:57  Overlord x2  
  176  10:16  Hydralisk x10  
  184  10:32  Hydralisk  
  184  10:33  Hydralisk x4  
  176  10:36  Roach  
  176  10:37  Roach x4  
Show
View Real Time Build Order
Export as new Build Order

Denver Zerg 

Build Orders: Hatch First, Zergling Baneling 

Get SALT Encoding   

  12  0:00  Drone  
  13  0:12  Overlord  
  13  0:16  Drone  
  14  0:30  Drone x2  
  16  0:48  Hatchery  
  15  0:52  Drone  
  15  0:55  Drone  
  17  0:58  Drone  
  18  1:08  Extractor  
  17  1:14  Spawning Pool  
  17  1:18  Drone  
  17  1:22  Drone  
  18  1:29  Drone  
  19  1:38  Drone  
  20  1:49  Drone  
  21  2:00  Overlord  
  21  2:01  Queen x2  
  21  2:02  Zergling x2  
  26  2:09  Metabolic Boost  
  26  2:11  Drone  
  27  2:17  Drone  
  27  2:22  Drone x2  
  30  2:39  Hatchery  
  30  2:40  Drone  
  30  2:42  Drone  
  31  2:47  Overlord  
  31  2:55  Zergling x6  
  34  3:05  Baneling Nest  
  33  3:06  Zergling x4  
  33  3:10  Zergling x2  
  33  3:11  Zergling x4  
  38  3:17  Zergling x6  
  41  3:24  Overlord  
  41  3:32  Zergling x4  
  43  3:38  Zergling x2  
  44  3:46  Zergling x8  
  46  3:50  Queen  
  46  3:52  Zergling x4  
  43  3:58  Zergling x6  
  46  4:03  Zergling x2  
  46  4:09  Zergling x2  
  44  4:17  Baneling  
  44  4:18  Zergling x8  
  48  4:24  Baneling x4  
  48  4:31  Zergling x8  
  50  4:43  Zergling x10  
  47  4:47  Baneling  
  47  4:48  Baneling x3  
  47  4:51  Zergling x2  
  47  4:52  Zergling x2  
  48  5:05  Drone x4  
  49  5:12  Baneling  
  49  5:13  Drone x2  
  47  5:17  Drone  
  47  5:18  Drone  
  46  5:23  Drone x2  
  45  5:31  Zergling x4  
  45  5:32  Zergling x2  
  48  5:37  Baneling x2  
  48  5:38  Overlord  
  48  5:51  Drone x3, Evolution Chamber  
  48  5:56  Overlord  
  50  6:02  Drone x5  
  54  6:13  Overlord  
  54  6:14  Roach Warren  
  54  6:17  Drone  
  54  6:18  Drone x3  
  57  6:19  Drone  
  57  6:26  Lair  
  57  6:28  Zerg Missile Weapons Level 1  
  57  6:30  Overlord  
  57  6:32  Extractor  
  56  6:46  Drone x3  
  56  6:47  Drone x2  
  60  6:51  Zergling x2  
  60  6:52  Zergling x14  
  63  7:03  Roach x5  
  63  7:06  Overlord  
  71  7:10  Extractor  
  71  7:11  Overlord  
  71  7:13  Extractor  
  71  7:14  Queen  
  71  7:20  Roach  
  71  7:21  Overlord  
  73  7:25  Glial Reconstitution  
  73  7:30  Roach  
  73  7:31  Roach x2  
  73  7:36  Overlord  
  79  7:43  Roach x4  
  84  7:47  Drone  
  84  7:48  Overlord  
  84  7:50  Roach  
  84  7:51  Roach  
  88  7:55  Roach  
  88  7:56  Roach  
  91  8:04  Roach x3  
  97  8:08  Roach x2  
  98  8:13  Roach x2  
  98  8:17  Roach  
  103  8:23  Roach  
  103  8:24  Roach x3  
  111  8:29  Roach  
  111  8:31  Overlord  
  113  8:37  Overlord  
  111  8:48  Roach x3  
  99  8:57  Drone x7  
  102  9:06  Roach x4  
  110  9:16  Roach x5  
  120  9:21  Overlord  
  120  9:24  Roach x2  
  118  9:29  Overlord  
  120  9:36  Drone  
  120  9:37  Drone  
  122  9:39  Overlord  
  122  9:41  Extractor, Drone x3  
  122  9:42  Drone x4  
  122  9:45  Overlord  
  128  9:49  Roach x2  
  132  9:55  Roach x3  
  132  9:57  Ravager  
  132  9:58  Ravager x2  
  132  9:59  Overlord  
  141  10:02  Roach  
  143  10:07  Roach x3  
  147  10:16  Roach x5  
  149  10:21  Roach x3  
  131  10:33  Roach x5  
  127  10:38  Roach x2  
  127  10:39  Roach  
  111  10:53  Ravager  

Tags
 
Add a new tag
Caveats
  • Supply blocks, unpowered buildings, or Contaminate may cause inaccurate times.
  • Supply counts are checked every 10 seconds.